 Dungeon Crawl Stone Soup version 0.20-a0-151-g755e310 (webtiles) character file.

510 mopl the Vexing (level 6, -2/24 HPs)
             Began as a Felid Enchanter on Nov 22, 2016.
             Slain by an orc
             ... wielding a +0 trident
              (3 damage)
             ... on level 4 of the Dungeon.
             The game lasted 00:07:58 (4564 turns).

mopl the Vexing (Felid Enchanter)                   Turns: 4564, Time: 00:07:58

Health: -2/24      AC:  2    Str:  4    XL:     6   Next: 98%
Magic:  1/11       EV: 18    Int: 18    God:
Gold:   200        SH:  0    Dex: 17    Spells: 3/11 levels left
                                        Lives:  0   Deaths: 1

rFire  . . .     SeeInvis +       - Unarmed
rCold  . . .     Gourm    .     (armour unavailable)
rNeg   . . .     Faith    .     (shield unavailable)
rPois  .         Spirit   .     (helmet unavailable)
rElec  .         Reflect  .     (cloak unavailable)
rCorr  .         Harm     .     (gloves unavailable)
MR     .....     Rnd*Tele +     (boots unavailable)
Stlth  ++++......               (no amulet)
                                (no ring)
                                e - ring of teleportation (curse)

@: very slightly contaminated, quick
A: no armour, no weapons or thrown items, stealth, claws 1, fangs 3, see
invisible, carnivore 3, speed 1, shaggy fur 2, slow metabolism 1, sharp paws
a: no special abilities


You were on level 4 of the Dungeon.
You were full.

You visited 1 branch of the dungeon, and saw 5 of its levels.

You collected 200 gold pieces.

Inventory:

Missiles
 r - 68 arrows
Jewellery
 e - a cursed ring of teleportation (left paw)
Scrolls
 c - 5 scrolls of teleportation {unknown}
 d - 4 scrolls of identify {unknown}
 h - 2 scrolls of fear {unknown}
 k - a scroll of amnesia {unknown}
 l - 3 scrolls of remove curse {unknown}
 s - a scroll of random uselessness {unknown}
Potions
 f - 2 potions of curing
 g - 2 potions of brilliance {unknown}
 j - a potion of might {unknown}
 m - a potion of flight {unknown}
 n - a potion of beneficial mutation {unknown}
 o - a potion of lignification {unknown}
Books
 a - a book of Maledictions

   Spells                             Type                      Level
   a - Corona                         Hexes                        1
   b - Ensorcelled Hibernation        Hexes/Ice                    2
   c - Confuse                        Hexes                        3
   d - Tukima's Dance                 Hexes                        3
   e - Dazzling Spray                 Conjuration/Hexes            3
 q - a book of Changes

   Spells                             Type                      Level
   a - Beastly Appendage              Transmutation                1
   b - Sticks to Snakes               Transmutation                2
   c - Spider Form                    Transmutation/Poison         3
   d - Ice Form                       Ice/Transmutation            4
   e - Blade Hands                    Transmutation                5
Comestibles
 b - 5 meat rations
 i - 2 slices of pizza


   Skills:
 - Level 2.6 Dodging
 * Level 7.0 Stealth
 * Level 3.7 Unarmed Combat
 + Level 3.0 Spellcasting
 * Level 7.6 Hexes
 + Level 2.0 Transmutations
 + Level 2.0 Ice Magic


You had 3 spell levels left.
You knew the following spells:

 Your Spells              Type           Power        Failure   Level  Hunger
a - Corona                Hex            ####...      1%          1    None
b - Ensorcelled Hibernat  Hex/Ice        ###...       3%          2    ##.....
c - Confuse               Hex            ####....     2%          3    ###....
w - Sticks to Snakes      Tmut           ##......     12%         2    ##.....


Dungeon Overview and Level Annotations

Branches:
Dungeon (5/15)
 Temple: D:4-7

Altars:
Elyvilon

Annotations:
D:5 Dowan, Duvessa


Innate Abilities, Weirdness & Mutations

You cannot wear armour.
You are incapable of wielding weapons or throwing items.
Your paws allow you to move quietly. (Stealth)
You have sharp claws.
You have razor-sharp teeth.
You have supernaturally acute eyesight. (SInv)
You are carnivorous and can eat meat at any time.
You cover ground quickly.
You are covered in thick fur. (AC +2)
You have a slow metabolism.
Your sharp claws are effective at attacking unaware monsters.


Message History

Aiming: Ensorcelled Hibernation
Press: ? - help, Shift-Dir - straight line, f/p - orc wizard
Aim: an orc wizard, wielding a dagger and wearing a robe (severely wounded, fast, chance to defeat MR: 50%)
The orc wizard looks drowsy...
The orc completely misses you.
Unknown command.
The helpless orc wizard fails to defend itself.
You mangle the orc wizard!!
You kill the orc wizard!
Casting: Ensorcelled Hibernation
Confirm with . or Enter, or press ? or * to list all spells.
Aiming: Ensorcelled Hibernation
Press: ? - help, Shift-Dir - straight line, f - orc
Aim: an orc, wielding a trident and wearing a leather armour (chance to defeat MR: 67%)
The orc struggles to resist.
The orc misses you.
Casting: Ensorcelled Hibernation
Confirm with . or Enter, or press ? or * to list all spells.
You don't have enough magic to cast that spell.
Unknown command.
The orc hits you from afar with a trident.
You die...

##.#########...........#.....#
#..# #...^.......#####.# #.##
#...........# #..# #.#
#...#.####### #.## #.#
######.#......## ###.# ##.#
#..........##..####...# ##..#
#..........###..#...### #...#
#........).# ##>..######
##..##
##......@>o.###....##....
#....#
#.#...#.##.###..##....###
#.PP.#
#.......#..###.###.......
#..P##
#.........##......)######
##.## #............>######
#.## #..........##.# ##.#
#......##.###.### #.##
#.#...##........# # ##.#
#.######........# ###


You could see an orc.

Vanquished Creatures
  Grinder (D:4)
  Edmund (D:4)
  A bullfrog (D:4)
  A scorpion (D:4)
  Crazy Yiuf (D:4)
  An orc wizard (D:4)
  Terence (D:3)
  Robin (D:3)
  2 howler monkey skeletons (D:4)
  4 adders
  A shadow imp (D:4)
  2 oozes (D:1)
  An adder skeleton (D:4)
  2 worms
  5 dart slugs
  4 leopard geckos
  3 orcs
  5 bats
  3 giant cockroaches
  12 hobgoblins
  9 jackals
  8 kobolds
  2 quokkas
  3 ball pythons
  4 frilled lizards
  11 goblins
  A leopard gecko skeleton (D:4)
  9 rats
99 creatures vanquished.

Notes
Turn   | Place    | Note
-------+----------+-------------------------------------------
     0 | D:1      | mopl the Felid Enchanter began the quest for the Orb.
     0 | D:1      | Reached XP level 1. HP: 7/7 MP: 4/4
   340 | D:1      | Reached XP level 2. HP: 11/11 MP: 6/6
   352 | D:1      | Learned a level 2 spell: Ensorcelled Hibernation
   812 | D:1      | Reached XP level 3. HP: 10/14 MP: 7/7
   817 | D:1      | Learned a level 3 spell: Confuse
   973 | D:2      | Reached skill level 5 in Hexes
  1010 | D:2      | Found a white marble altar of Elyvilon.
  1218 | D:2      | Reached skill level 5 in Stealth
  1269 | D:2      | Reached XP level 4. HP: 18/18 MP: 5/8
  2171 | D:3      | Reached skill level 2 in Unarmed Combat
  2274 | D:3      | Noticed Terence
  2288 | D:3      | Killed Terence
  2288 | D:3      | Reached skill level 1 in Ice Magic
  2720 | D:3      | Noticed Robin
  2744 | D:3      | Reached XP level 5. HP: 21/21 MP: 6/9
  3079 | D:1      | Learned a level 2 spell: Sticks to Snakes
  3204 | D:3      | Killed Robin
  3204 | D:3      | Reached skill level 6 in Hexes
  3391 | D:4      | Noticed Edmund
  3404 | D:4      | Killed Edmund
  3404 | D:4      | Reached skill level 6 in Stealth
  3404 | D:4      | Reached skill level 1 in Transmutations
  3404 | D:4      | Gained mutation: You are covered in thick fur. (AC +2) [Felid growth]
  3404 | D:4      | Reached XP level 6. HP: 24/24 MP: 4/11
  3618 | D:4      | Noticed Grinder
  3649 | D:4      | Paralysed by Grinder for 5 turns
  3998 | D:5      | Entered Level 5 of the Dungeon
  4159 | D:4      | Reached skill level 3 in Unarmed Combat
  4217 | D:4      | HP: 1/24 [Grinder (2)]
  4217 | D:4      | Slain by Grinder
  4218 | D:4      | Reached XP level 5. HP: -4/21 MP: 7/10
  4410 | D:4      | Found a runed door.
  4414 | D:4      | Noticed Crazy Yiuf
  4418 | D:4      | Killed Crazy Yiuf
  4418 | D:4      | Reached skill level 7 in Hexes
  4418 | D:4      | Reached XP level 6. HP: 21/24 MP: 11/11
  4479 | D:4      | Killed Grinder
  4479 | D:4      | Reached skill level 7 in Stealth
  4479 | D:4      | Reached skill level 3 in Spellcasting
  4479 | D:4      | Reached skill level 2 in Transmutations
  4492 | D:5      | Noticed Dowan
  4493 | D:5      | Noticed Duvessa
  4505 | D:4      | Reached skill level 2 in Ice Magic
  4560 | D:4      | HP: 1/24 [orc wizard/magic dart (9)]
  4564 | D:4      | Slain by an orc

Vault maps used:
D:1:      ncdulo_smallfort, minmay_crystal_room
D:2:      overflow_temple_1_default
D:3:      uniq_robin, uniq_terence
D:4:      first_bread, uniq_crazy_yiuf_cottage, uniq_grinder, uniq_edmund
D:5:      uniq_duvessa

Skill      XL: |  1  2  3  4  5  6 |
---------------+-------------------+-----
Hexes          | 5 7 |  7.6
Stealth        | 5 6 7 |  7.0
Unarmed Combat | 2 3 |  3.7
Ice Magic      | 1 2 |  2.0
Transmutations | 1 2 |  2.0
Spellcasting   | 3 |  3.0
Dodging        | |  2.6

Action                   |  1- 3 |  4- 6 || total
-------------------------+-------+-------++-------
Melee: Unarmed           |    80 |   241 ||   321
       Bite              |     7 |    21 ||    28
       Punch             |       |     1 ||     1
 Cast: Corona            |     4 |       ||     4
       Ensorcelled Hiber |     3 |    36 ||    39
       Confuse           |       |    14 ||    14
  Use: Potion            |       |     1 ||     1
 Stab: Sleeping          |    11 |    38 ||    49
       Confused          |       |     8 ||     8
  Eat: Chunk             |     4 |    17 ||    21
Armor: Skin              |     2 |    12 ||    14
Dodge: Dodged            |    55 |   171 ||   226
